Construct Section Command Post
Construct Platoon Command Post
Selects Indian Artillery Battlegroup
Selects Artillery Saturation
Selects Off-map Airburst Barrage
Construct Company Command Post
6-pounder Anti-tank Gun Team
Selects BL5.5 Artillery Emplacement
Unlock M3 Grant Medium Tanks
6-pounder Anti-tank Gun Team
Selects Gurkha Rifles Section
Selects Volunteer Infantry